 Dungeon Crawl Stone Soup version 0.30.1-3-gfc49f6343a (webtiles) character file.

Game seed: 17329099426338479882

6733 Peloso the Carver (level 10, -11/90 HPs)
             Began as a Minotaur Fighter on July 21, 2023.
             Killed from afar by a deep elf pyromancer (34 damage)
             ... with a bolt of fire
             ... on level 7 of the Dungeon.
             The game lasted 00:17:49 (8086 turns).

Peloso the Carver (Minotaur Fighter)                Turns: 8086, Time: 00:17:50

Health: -11/90     AC: 22    Str: 21 (23) XL:     10   Next: 75%
Magic:  9/9        EV:  7    Int:  5      God:
Gold:   428        SH:  6    Dex: 12      Spells: 9/9 levels left

rFire   . . .        a - +1 long sword
rCold   . . .        d - +0 buckler
rNeg    . . .        f - +1 plate armour
rPois   .            (helmet restricted)
rElec   .            p - +2 cloak
rCorr   .            y - +0 pair of gloves
SInv    .            l - +0 pair of boots
Will    .....        (no amulet) Stlth
                     (no ring)
HPRegen 0.35/turn    (no ring)
MPRegen 0.11/turn

%: no passive effects
@: hasted, very quick
A: horns 2, retaliatory headbutt, deterioration 1
a: no special abilities


You were on level 7 of the Dungeon.
You visited 2 branches of the dungeon, and saw 9 of its levels.

You collected 438 gold pieces.
You spent 10 gold pieces at shops.

Inventory:

Hand Weapons
 a - a +1 long sword (weapon)
Armour
 b - a +0 scale mail
 d - a +0 buckler (worn)
 f - a +1 plate armour (worn)
 l - a +0 pair of boots (worn)
 p - a +2 cloak (worn)
 y - a +0 pair of gloves (worn)
Jewellery
 h - a ring of flight
 u - a ring of see invisible
 z - an amulet of regeneration
 F - a ring of poison resistance
Wands
 x - a wand of iceblast (9)
 D - a wand of quicksilver (10)
Scrolls
 c - 2 scrolls of amnesia
 e - a scroll of enchant weapon
 i - 5 scrolls of teleportation
 j - a scroll of silence
 n - 3 scrolls of enchant armour
 r - a scroll of poison
 s - 2 scrolls of blinking
 t - a scroll of magic mapping
 A - 2 scrolls of summoning
 B - 2 scrolls of noise {unknown}
 C - a scroll of vulnerability {unknown}
 E - a scroll of brand weapon {unknown}
 G - a scroll of torment {unknown}
Potions
 g - 3 potions of flight
 m - 4 potions of curing
 o - a potion of ambrosia


   Skills:
 + Level 8.9 Fighting
 + Level 13.2 Long Blades
 + Level 10.2 Armour
 + Level 2.0 Dodging
 + Level 0.1 Stealth
 + Level 8.3 Shields


You had 9 spell levels left.
You didn't know any spells.
Your spell library contained the following spells:

 Spells                   Type           Power      Damage    Failure   Level
 Apportation              Tloc           0%         N/A       100%        1
 Magic Dart               Conj           0%         1d3       100%        1
 Necrotise                Necr           0%         1d4       100%        1
 Shock                    Conj/Air       0%         1d3       100%        1
 Summon Small Mammal      Summ           0%         N/A       100%        1
 Call Imp                 Summ           0%         N/A       100%        2
 Ensorcelled Hibernation  Hex/Ice        0%         N/A       100%        2
 Passwall                 Tmut/Erth      0%         N/A       100%        2
 Gell's Gravitas          Tloc           0%         N/A       100%        3
 Mephitic Cloud           Conj/Pois/Air  0%         N/A       100%        3
 Spider Form              Tmut/Pois      0%         N/A       100%        3
 Swiftness                Air            0%         N/A       100%        3
 Teleport Other           Tloc           0%         N/A       100%        3
 Tukima's Dance           Hex            0%         N/A       100%        3
 Airstrike                Air            0%         2d(0-16)  100%        4
 Anguish                  Hex/Necr       0%         N/A       100%        4
 Passage of Golubria      Tloc           0%         N/A       100%        4
 Yara's Violent Unravell  Hex/Tmut       0%         3d3       100%        5
 Dispersal                Tloc           0%         N/A       100%        6


Dungeon Overview and Level Annotations

Branches:
Dungeon (8/15)             Temple (1/1) D:4
   Lair: D:8-11

Altars:
Cheibriados
Elyvilon
Fedhas
Gozag
Kikubaaqudgha
Makhleb
Nemelex Xobeh
Qazlal
Ru
Sif Muna
Trog
Uskayaw
Vehumet
Wu Jian
Xom
Yredelemnul
Zin
The Shining One

Shops:
D:4 =[*[[

Annotations:
D:6 3 runed translucent doors, rossyrg's ghost, novice MiFi


Innate Abilities, Weirdness & Mutations

You have a pair of horns on your head.
You reflexively headbutt those who attack you in melee.
Your body sometimes deteriorates upon taking damage.


Message History

The boulder beetle bites you!
The deep elf pyromancer gestures wildly while chanting.
You barely miss the deep elf pyromancer.
The deep elf pyromancer is heavily wounded.
You slash the deep elf pyromancer!
Your headbutt misses the deep elf pyromancer.
The deep elf pyromancer is severely wounded.
The deep elf pyromancer casts a spell.
The deep elf pyromancer blinks!
The boulder beetle bites you.
You block the fire elemental's attack. x2
Found a stone staircase leading down.
You block the boulder beetle's attack. The fire elemental hits you.
The fire elemental burns you!
Your body deteriorates!
You feel weakened. The fire elemental hits you. The fire elemental burns you!
There is an open door here.
You slash the fire elemental! You headbutt the fire elemental!
The fire elemental is heavily damaged.
You block the fire elemental's attack.
The deep elf pyromancer gestures wildly while chanting.
Unknown command.
You hit the boulder beetle but do no damage.
The boulder beetle is lightly wounded.
The fire elemental hits you. The fire elemental burns you!
* * * LOW HITPOINT WARNING * * *
Your body deteriorates!
You feel weakened. The fire elemental hits you. The fire elemental burns you!
* * * LOW HITPOINT WARNING * * *
You slash the boulder beetle!
The boulder beetle is moderately wounded.
The boulder beetle bites you but does no damage.
You hit the boulder beetle. You headbutt the boulder beetle!
The boulder beetle is moderately wounded.
The fire elemental barely misses you. x2
Unknown command.
You hit the boulder beetle but do no damage.
The boulder beetle is moderately wounded.
The deep elf pyromancer gestures at you while chanting.
The bolt of fire hits the fire elemental.
The fire elemental completely resists.
The bolt of fire hits you!!
You die...

###### #....# #e.(.#
#.#####E°..##
#.....@EE...#
#.#####B....#
#.......#.###########
>....................#
...#..................
.. #.###.#[##########.
. #. ...#......)....#
..................+
...................#


You could see a boulder beetle, a deep elf pyromancer and 3 fire elementals.

Vanquished Creatures
  2 centaur warriors (D:8)
  A two-headed ogre (D:7)
  A swamp dragon (shapeshifter) (D:8)
  A slime creature (D:7)
  4 yaks (D:8)
  2 wyverns (D:7)
  2 vampire mosquitoes
  2 water moccasins
  An orc warrior (D:6)
  4 ice beasts
  A sky beast (D:7)
  3 black bears
  2 ogres
  A phantom (D:7)
  A centaur (D:6)
  2 bullfrogs (D:7)
  4 scorpions
  A wight (D:7)
  A howler monkey (D:7)
  4 orc priests
  9 hounds
  6 jellies
  A gnoll bouda (D:6)
  Jessica (D:2)
  5 orc wizards
  6 iguanas
  4 sleepcaps
  Natasha (D:2)
  12 adders
  6 gnolls
  2 shadow imps
  2 white imps
  3 worms
  7 dart slugs
  23 orcs
  7 ball pythons
  6 bats
  4 endoplasms
  4 giant cockroaches
  5 goblins
  9 hobgoblins
  8 jackals
  7 kobolds
  5 quokkas
  2 frilled lizards
  9 rats
194 creatures vanquished.

Vanquished Creatures (others)
  An adder (D:2)
1 creature vanquished.

Grand Total: 195 creatures vanquished

Notes
Turn   | Place    | Note
-------+----------+-------------------------------------------
     0 | D:1      | Peloso the Minotaur Fighter began the quest for the Orb.
     0 | D:1      | Reached XP level 1. HP: 19/19 MP: 0/0
    17 | D:1      | Found a faded altar of an unknown god.
   145 | D:1      | Reached XP level 2. HP: 27/27 MP: 1/1
   811 | D:2      | Reached XP level 3. HP: 23/33 MP: 2/2
   859 | D:2      | Reached skill level 3 in Long Blades
   916 | D:2      | Noticed Jessica
   925 | D:2      | Killed Jessica
   926 | D:2      | Reached XP level 4. HP: 28/40 MP: 3/3
  1352 | D:2      | Noticed Natasha
  1358 | D:2      | Killed Natasha
  1359 | D:2      | Reached skill level 4 in Long Blades
  1517 | D:3      | Reached XP level 5. HP: 38/47 MP: 4/4
  1591 | D:3      | Found a stormy altar of Qazlal.
  1831 | D:3      | Found a snail-covered altar of Cheibriados.
  1832 | D:3      | Found a burning altar of Makhleb.
  2537 | D:4      | Noticed a black bear
  2537 | D:4      | Found Meloir's Jewellery Shop.
  2640 | D:3      | Killed a black bear
  2641 | D:3      | Reached skill level 5 in Fighting
  2641 | D:3      | Reached skill level 5 in Long Blades
  2641 | D:3      | Reached XP level 6. HP: 41/56 MP: 5/5
  2720 | D:4      | Reached skill level 5 in Armour
  2876 | D:4      | Found a staircase to the Ecumenical Temple.
  2886 | D:4      | Reached skill level 6 in Long Blades
  2892 | Temple   | Entered the Ecumenical Temple
  2892 | Temple   | Found a transporter.
  2892 | Temple   | Found a transporter.
  2894 | Temple   | Found a transporter.
  2894 | Temple   | Found a transporter.
  3035 | D:4      | Found Nestric's Armour Shoppe.
  3070 | D:4      | Found Sec Ucwu's General Store.
  3126 | D:4      | Bought a potion of degeneration for 10 gold pieces
  3184 | D:4      | Found Canoabuq's Armour Boutique.
  3306 | D:4      | Found Reargh's Armour Shoppe.
  3517 | D:5      | Entered Level 5 of the Dungeon
  3568 | D:5      | Reached XP level 7. HP: 61/61 MP: 6/6
  3734 | D:5      | Reached skill level 7 in Long Blades
  3736 | D:5      | Reached skill level 5 in Shields
  4155 | D:5      | Reached skill level 1 in Dodging
  4373 | D:5      | Reached skill level 8 in Long Blades
  4373 | D:5      | Reached XP level 8. HP: 58/70 MP: 7/7
  4799 | D:6      | Found an ancient bone altar of Kikubaaqudgha.
  4991 | D:6      | Found a blossoming altar of Fedhas.
  5003 | D:6      | Found a sacrificial altar of Ru.
  5003 | D:6      | Found a hide-covered altar of Uskayaw.
  5046 | D:6      | Found a runed translucent gate.
  5056 | D:6      | Found a runed translucent gate.
  5056 | D:6      | Found a runed translucent gate.
  5056 | D:6      | Noticed rossyrg's ghost (novice MiFi)
  5501 | D:6      | Reached skill level 9 in Long Blades
  6093 | D:7      | Reached XP level 9. HP: 76/78 MP: 8/8
  6104 | D:7      | Reached skill level 10 in Long Blades
  6495 | D:6      | Reached skill level 11 in Long Blades
  7019 | D:7      | You fall into a shaft and drop 1 floor!
  7021 | D:8      | Noticed a centaur warrior
  7021 | D:8      | Noticed a centaur warrior
  7046 | D:8      | Killed a centaur warrior
  7047 | D:8      | Reached skill level 12 in Long Blades
  7047 | D:8      | Reached XP level 10. HP: 44/88 MP: 9/9
  7052 | D:8      | Killed a centaur warrior
  7112 | D:8      | Noticed a manticore
  7126 | D:8      | a manticore changed into a moth of wrath
  7126 | D:8      | Noticed a moth of wrath (shapeshifter)
  7127 | D:8      | a moth of wrath changed into a shining eye
  7127 | D:8      | Noticed a shining eye (shapeshifter)
  7130 | D:8      | Gained mutation: Your body sometimes deteriorates upon
                  | taking damage. [a shining eye]
  7133 | D:8      | a shining eye changed into a swamp dragon
  7133 | D:8      | Noticed a swamp dragon (shapeshifter)
  7144 | D:8      | Killed a swamp dragon
  7547 | D:8      | Reached skill level 13 in Long Blades
  7811 | D:7      | Noticed a two-headed ogre
  7821 | D:7      | Killed a two-headed ogre
  7822 | D:7      | Reached skill level 10 in Armour
  8063 | D:7      | Noticed a deep elf pyromancer
  8065 | D:7      | Noticed a boulder beetle
  8086 | D:7      | Killed from afar by a deep elf pyromancer

Illustrated notes

Levels and vault maps discovered:
D:1:      dpeg_arrival_short_road, layout_loops_cross,
          ebering_ecumenical_altar_petrified, lemuel_flame_loot_1
D:2:      layout_rooms, grunt_ministairs_15, minmay_statues_item,
          minmay_misc_feat_columns, uniq_jessica, uniq_natasha
D:3:      minmay_bubble_buster, layout_loops_ring, grunt_qazlal_sundering,
          minitemple
D:4:      layout_basic, minmay_temple_entry_tees, serial_shops,
          nicolae_lakefront_shop, shop, shop, nicolae_shop_waterfront,
          nicolae_shop_just_a_little_nook
D:5:      layout_loops_cross, hangedman_abyss_or_decor_stabs
D:6:      layout_cave_pods, old_standard_altar, gammafunk_temple_overflow_wave,
          kennysheep_mini_moat, gammafunk_ghost_split, nicolae_half_adder
D:7:      minmay_the_grid_plus [minmay_the_grid_odd_star, minmay_the_grid_rooms,
          minmay_the_grid_doors, minmay_the_grid_empty,
          minmay_the_grid_prize_four_corners], layout_basic
D:8:      minmay_curly_fans, layout_loops_corners, cheibrodos_ashenzari_chains,
          serial_bayou_pond_b, patterned_corridor
Temple:   hellmonk_temple_divided_pantheon

Skill      XL: |  1  2  3  4  5  6  7  8  9 10 |
---------------+-------------------------------+-----
Armour         | 4 5 7 8 10 | 10.2
Fighting       | 4 5 6 7 8 |  8.9
Shields        | 4 5 6 7 8 |  8.3
Long Blades    | 3 4 5 6 8 9 12 13 | 13.2
Dodging        | 1 2 |  2.0
Stealth        | |  0.1

Action                     |  1- 3 |  4- 6 |  7- 9 | 10-12 || total
---------------------------+-------+-------+-------+-------++-------
  Melee: Long sword        |    79 |   163 |   380 |    90 ||   712
         Headbutt          |    13 |    31 |    74 |    33 ||   151
    Use: Scroll            |     5 |     4 |     3 |     1 ||    13
         Potion            |     1 |       |     4 |     9 ||    14
 Armour: Plate armour      |    59 |   132 |   284 |    53 ||   528
  Dodge: Dodged            |    27 |    42 |   117 |    26 ||   212
         Repelled          |       |     1 |     2 |     1 ||     4
  Block: Buckler           |    30 |    46 |    90 |    25 ||   191
